Map: 羅曼死 - 天梯版

Players

MoRiArTy

  • Race: Protoss Protoss
  • League: Grandmaster
  • Spawn Location: 5:00

Rex - Winner!

  • Race: Zerg Zerg
  • League: Master
  • Spawn Location: 11:00

Event: DreamHack SC2 Masters 2020 Winter

VOD

Have the link to the VOD?

Description

Time

  • Played on: Oct. 13, 2020, 7:39 a.m.
  • Length: 4:10

All games in this series

Show
View Real Time Build Order
Export as new Build Order

MoRiArTy Protoss 

Build Orders: 1 Gate Expand 

Get SALT Encoding   

  12  0:00  Probe  
  13  0:12  Probe  
  14  0:20  Pylon  
  14  0:24  Probe  
  15  0:38  Probe (Chrono Boost)  
  15  0:41  Gateway  
  16  0:47  Assimilator, Probe (Chrono Boost)  
  17  0:52  Probe  
  18  1:04  Probe  
  19  1:16  Probe  
  20  1:24  Nexus  
  20  1:33  Cybernetics Core  
  20  1:38  Assimilator  
  20  1:40  Probe (Chrono Boost)  
  21  1:49  Pylon  
  21  1:53  Probe (Chrono Boost)  
  22  2:00  Probe (Chrono Boost)  
  23  2:07  Probe  
  23  2:08  Stalker (Chrono Boost)  
  24  2:11  Warp Gate (Chrono Boost)  
  26  2:19  Probe  
  27  2:31  Probe  
  27  2:33  Stargate  
  28  2:37  Probe (Chrono Boost)  
  30  2:48  Probe (Chrono Boost)  
  30  2:49  Probe (Chrono Boost)  
  31  2:55  Probe (Chrono Boost)  
  31  2:57  Probe (Chrono Boost)  
  33  3:00  Gateway  
  33  3:04  Probe  
  34  3:07  Probe  
  34  3:08  Void Ray (Chrono Boost)  
  35  3:16  Probe  
  41  3:20  Pylon, Probe  
  41  3:28  Probe  
  41  3:29  Assimilator  
  41  3:32  Assimilator, Probe  
  43  3:39  Pylon  
  43  3:40  Probe  
Show
View Real Time Build Order
Export as new Build Order

Rex Zerg - Winner!

Build Orders: Hatch First 

Get SALT Encoding   

  12  0:00  Drone  
  13  0:12  Overlord  
  13  0:17  Drone  
  14  0:30  Drone  
  14  0:31  Drone  
  16  0:48  Hatchery  
  15  0:51  Drone  
  15  0:55  Drone  
  17  1:00  Drone  
  18  1:09  Extractor  
  17  1:14  Spawning Pool  
  17  1:18  Drone  
  17  1:20  Drone  
  18  1:30  Drone  
  19  1:38  Drone  
  20  1:52  Overlord  
  20  2:01  Queen x2  
  22  2:02  Zergling x2  
  22  2:03  Zergling x2  
  26  2:09  Metabolic Boost  
  26  2:14  Drone  
  26  2:15  Drone  
  28  2:22  Drone  
  29  2:23  Drone  
  30  2:40  Hatchery  
  29  2:49  Zergling x8  
  33  2:55  Zergling x2, Overlord  
  34  3:06  Zergling x2  
  34  3:07  Zergling x2  
  36  3:13  Zergling x4  
  36  3:14  Zergling x6  
  36  3:15  Zergling x2  
  42  3:20  Zergling x2  
  42  3:21  Zergling x2  
  42  3:47  Zergling x4  
  43  3:48  Overlord  
Tags
 
Add a new tag
Caveats
  • Supply blocks, unpowered buildings, or Contaminate may cause inaccurate times.
  • Supply counts are checked every 10 seconds.